 Dungeon Crawl Stone Soup version 0.17-a0-1582-ge6b0260 (webtiles) character file.

10439 karlkraus the Blocker (level 11, -10/94 HPs)
             Began as a Minotaur Fighter on July 27, 2015.
             Was a High Priest of Qazlal.
             Engulfed by an ice statue's freezing vapour (15 damage)
             ... in an ice cave.
             The game lasted 00:39:27 (8852 turns).

karlkraus the Blocker (Minotaur Fighter)            Turns: 8852, Time: 00:39:27

Health: -10/94     AC: 23    Str: 25    XL:     11   Next: 36%
Magic:  10/10      EV: 11    Int:  5    God:    Qazlal [*****.]
Gold:   614        SH: 19    Dex:  9    Spells: 0 memorised, 10 levels left

rFire  + . .     SeeInvis .     I - +4 falchion (protect)
rCold  . . .     Clarity  .     s - +1 chain mail {MR+}
rNeg   . . .     SustAt   .     c - +0 shield
rPois  +         Gourm    +     (helmet restricted)
rElec  .         Spirit   .     t - +2 cloak
rCorr  .         Warding  .     j - +2 pair of gloves
rMut   .         Stasis   .     (no boots)
MR     +....                    n - amulet of the gourmand
Stlth  ..........               y - ring of fire
                                d - ring of poison resistance

@: about to teleport, protected from cold, repel missiles, somewhat resistant to
hostile enchantments, extremely unstealthy
A: retaliatory headbutt, horns 2
a: Upheaval, Elemental Force, Disaster Area, Renounce Religion


You were in an ice cave.
You worshipped Qazlal.
Qazlal was extremely pleased with you.
You were not hungry.

You visited 3 branches of the dungeon, and saw 12 of its levels.
You also visited: Ice Cave.

You collected 639 gold pieces.
You spent 25 gold pieces at shops.

Inventory:

Hand weapons
 r - a +3 long sword
 I - a +4 falchion of protection (weapon)
Armour
 a - a +1 ring mail of cold resistance
 c - a +0 shield (worn)
 j - a +2 pair of gloves (worn)
 s - a +1 chain mail of magic resistance (worn)
 t - a +2 cloak (worn)
Jewellery
 d - a ring of poison resistance (left hand)
 n - an amulet of the gourmand (around neck)
 x - an uncursed ring of see invisible {unknown}
 y - a ring of fire (right hand)
 B - an uncursed ring of flight
Magical devices
 g - a wand of slowing (26)
 C - a wand of confusion (25)
 D - a wand of slowing (5)
 F - a wand of polymorph (14)
 G - a wand of lightning (8)
 J - a wand of frost (28)
Scrolls
 f - a scroll of enchant weapon
 h - a scroll of teleportation
 o - a scroll of fog
 v - 3 scrolls of vulnerability {unknown}
 w - 2 scrolls of remove curse
 A - a scroll of recharging {unknown}
 H - 4 scrolls of summoning {unknown}
Potions
 b - a potion of ambrosia
 i - 2 potions of invisibility {unknown}
 k - 6 potions of curing
 p - 2 potions of agility {unknown}
 E - a potion of lignification
 K - a potion of brilliance {unknown}
 L - a potion of berserk rage {unknown}
Comestibles
 e - 8 bread rations
 m - 3 beef jerkies
 q - a slice of pizza
 u - 3 meat rations


   Skills:
 + Level 8.1 Fighting
 + Level 10.5 Long Blades
 + Level 7.8 Armour
 + Level 9.3 Dodging
 + Level 1.4 Stealth
 + Level 12.4 Shields


You had 10 spell levels left.
You didn't know any spells.

Dungeon Overview and Level Annotations

Branches:
Dungeon (10/15)            Temple (1/1) D:4            Lair (1/8) D:10
    Orc: D:9-12

Altars:
Ashenzari
Cheibriados
Dithmenos
Elyvilon
Fedhas
Gozag
Kikubaaqudgha
Makhleb
Nemelex Xobeh
Okawaru
Qazlal
Ru
Sif Muna
Trog
Vehumet
Xom
Yredelemnul
Zin
The Shining One

Shops:
D:4 [   D:9 *((   D:10 }*

Portals:
Volcano: Lair:1

Annotations:
IceCv exclusion: 2 ice statues


Innate Abilities, Weirdness & Mutations

You reflexively headbutt those who attack you in melee.
You have a pair of horns on your head.


Message History

You hit the ice statue. Your headbutt misses the ice statue.
The ice statue is lightly damaged.
You are engulfed in freezing vapours.
You feel more protected from cold.
* * * LOW HITPOINT WARNING * * *
The ice statue throws ice at you. The shard of ice hits you!
* * * LOW HITPOINT WARNING * * *
You block the ice beast's attack.
Read which item? (? for menu, Esc to quit)
As you read the scroll of teleportation, it crumbles to dust.
You feel strangely unstable.
You are engulfed in freezing vapours.
You feel more protected from cold. You block the ice beast's attack.
Read which item? (? for menu, Esc to quit)
As you read the scroll of immolation, it crumbles to dust.
The air around you briefly surges with heat, but it dissipates.
You are engulfed in freezing vapours.
You feel more protected from cold.
You die...

##### #####...##
# ##§§......##
.#. ##.§........#
....#..........##
......§§§§......#
#..§§§§§.....#
#.Y@YYY....#
###8#§...#8#
####.§## #§.##
##..## ##..#
##§..# ##...##
#...##


You could see 2 ice statues and 4 ice beasts.

Vanquished Creatures
  The ghost of Oddysee the Destroyer, a powerful HECj of Vehumet (Lair:1)
  Nergalle (Lair:1)
  A lindwurm (Lair:1)
  A centaur zombie (D:10)
  Joseph (D:7)
  A gargoyle (D:10)
  A kobold demonologist (D:10)
  A fire drake (Lair:1)
  Prince Ribbit (D:5)
  2 two-headed ogres (D:10)
  7 yaks
  A wyvern (D:10)
  4 hippogriffs
  A basilisk (Lair:1)
  4 water moccasins
  2 ice beasts (D:8)
  A wasp (D:10)
  A necrophage (D:5)
  2 phantoms
  2 orc warriors
  2 black bears
  7 ogres
  A sky beast (D:8)
  3 centaurs
  Blork the orc (D:5)
  A wyvern skeleton (D:8)
  5 giant frogs
  5 wights (D:9)
  18 killer bees
  9 crimson imps
  A giant frog zombie (D:10)
  A hound (D:10)
  2 centaur skeletons
  3 jellies
  3 orc priests
  Terence (D:2)
  A quasit (D:10)
  4 orc wizards
  3 iguanas
  6 worker ants
  6 sheep (Lair:1)
  3 worker ant zombies
  5 adders
  9 river rats (Lair:1)
  A shadow imp (D:9)
  3 white imps (IceCv)
  3 ufetubi (IceCv)
  5 oozes
  2 worms
  3 adder skeletons
  3 giant geckos
  31 orcs
  10 bats
  9 giant cockroaches
  15 hobgoblins
  15 jackals
  12 kobolds
  4 quokkas
  3 ball pythons
  7 giant newts
  12 goblins
  3 quokka skeletons
  19 rats
  2 fungi (Lair:1)
298 creatures vanquished.

Vanquished Creatures (others)
  A white imp (IceCv)
  4 ufetubi (IceCv)
5 creatures vanquished.

Grand Total: 303 creatures vanquished

Notes
Turn   | Place    | Note
--------------------------------------------------------------
     0 | D:1      | karlkraus the Minotaur Fighter began the quest for the Orb.
     0 | D:1      | Reached XP level 1. HP: 19/19 MP: 0/0
     0 | D:1      | Noticed a jelly
     1 | D:1      | Found a runed door.
   239 | D:1      | Reached XP level 2. HP: 22/27 MP: 1/1
   289 | D:1      | Reached skill level 4 in Armour
   893 | D:1      | Reached XP level 3. HP: 9/33 MP: 2/2
   951 | D:1      | Killed a jelly
   951 | D:1      | Reached skill level 1 in Dodging
   955 | D:1      | Reached XP level 4. HP: 9/40 MP: 3/3
  1330 | D:2      | Noticed Terence
  1339 | D:2      | Killed Terence
  1410 | D:2      | Reached skill level 5 in Shields
  1504 | D:2      | Reached XP level 5. HP: 41/46 MP: 4/4
  2280 | D:4      | Found a radiant altar of Vehumet.
  2306 | D:4      | Found a staircase to the Ecumenical Temple.
  2328 | Temple   | Entered the Ecumenical Temple
  2464 | Temple   | Became a worshipper of Qazlal Stormbringer
  2669 | D:4      | Noticed a phantom
  2723 | D:4      | Killed a phantom
  2723 | D:4      | Reached XP level 6. HP: 47/53 MP: 5/5
  2735 | D:4      | Found a burning altar of Makhleb.
  2987 | D:4      | Found Possok's Armour Emporium.
  3197 | D:5      | Entered Level 5 of the Dungeon
  3265 | D:5      | Noticed Blork the orc
  3279 | D:5      | Killed Blork the orc
  3279 | D:5      | Reached skill level 5 in Armour
  3357 | D:5      | Reached skill level 5 in Long Blades
  3357 | D:5      | Reached XP level 7. HP: 57/60 MP: 6/6
  3392 | D:5      | Acquired Qazlal's first power
  3475 | D:5      | Reached skill level 6 in Shields
  3531 | D:5      | Noticed Prince Ribbit
  3684 | D:5      | Reached skill level 5 in Fighting
  4362 | D:5      | Killed Prince Ribbit
  4362 | D:5      | Reached skill level 1 in Stealth
  4502 | D:6      | HP: 4/91 [orc warrior/scimitar (1)]
  4507 | D:6      | HP: 4/91 [orc/enchanted short sword (2)]
  4859 | D:6      | Reached XP level 8. HP: 64/69 MP: 7/7
  5142 | D:6      | Acquired Qazlal's second power
  5142 | D:6      | Reached skill level 5 in Dodging
  5324 | D:6      | Reached skill level 7 in Shields
  5567 | D:7      | Found a snail-covered altar of Cheibriados.
  5668 | D:7      | Noticed Joseph
  5675 | D:7      | Killed Joseph
  5675 | D:7      | Reached XP level 9. HP: 67/75 MP: 8/8
  5981 | D:8      | Reached skill level 8 in Long Blades
  6308 | D:8      | Found a white marble altar of Elyvilon.
  6350 | D:8      | Acquired Qazlal's third power
  6706 | D:9      | Found Saatuaza's General Store.
  6760 | D:9      | Found Zaik's Weapon Boutique.
  6832 | D:9      | Reached skill level 9 in Shields
  6845 | D:9      | Found an ancient bone altar of Kikubaaqudgha.
  6862 | D:9      | Found a sacrificial altar of Ru.
  6986 | D:9      | Found a basalt altar of Yredelemnul.
  7042 | D:9      | Found Reatuini's Weapon Shop.
  7082 | D:9      | Reached XP level 10. HP: 77/86 MP: 9/9
  7271 | D:9      | Acquired Qazlal's fourth power
  7467 | D:10     | Entered Level 10 of the Dungeon
  7618 | D:10     | Reached skill level 10 in Shields
  7638 | D:10     | Found Qumojafu's Assorted Antiques.
  7658 | D:10     | Bought a scroll labeled YCUHEMA ODWE for 25 gold pieces
  7708 | D:10     | Noticed a sixfirhy
  7717 | D:10     | Reached skill level 10 in Long Blades
  7831 | D:10     | Found a staircase to the Lair.
  7945 | D:10     | Reached skill level 11 in Shields
  7947 | D:10     | Found Zamiunixt's Gadget Shoppe.
  8317 | D:10     | Acquired Qazlal's fifth power
  8323 | Lair:1   | Entered Level 1 of the Lair of Beasts
  8323 | Lair:1   | Noticed Oddysee's ghost (powerful HECj)
  8340 | Lair:1   | Killed Oddysee's ghost
  8340 | Lair:1   | Reached XP level 11. HP: 91/94 MP: 10/10
  8351 | Lair:1   | Noticed Nergalle
  8398 | Lair:1   | Killed Nergalle
  8579 | Lair:1   | Reached skill level 12 in Shields
  8686 | Lair:1   | Noticed a lindwurm
  8711 | Lair:1   | Killed a lindwurm
  8721 | Lair:1   | Found a dark tunnel.
  8793 | Lair:1   | Found a frozen archway.
  8804 | IceCv    | Entered an ice cave
  8840 | IceCv    | Noticed an ice statue
  8840 | IceCv    | Noticed an ice statue
  8852 | IceCv    | Engulfed by an ice statue's freezing vapour

Vault maps used:
D:1:      dpeg_arrival_caged_fury, minmay_misc_feat_columns, roderic_lattice_a,
          minmay_bisected
D:2:      patterned_corridor, uniq_terence
D:4:      lemuel_coloured_pillars_altar, kennysheep_mini,
          minmay_temple_entry_glass, serial_shops,
          nicolae_shop_competitors_out_of_business
D:5:      first_bread, hangedman_decor_peaks_small, uniq_blork_the_orc,
          uniq_prince_ribbit1
D:7:      cheibriados_altar_1, uniq_joseph
D:8:      kennysheep_mini_moat
D:9:      kennysheep_little_box, lemuel_crystal_altar,
          nicolae_ru_sacrificial_ziggurat, serial_shops, nicolae_shop_trees,
          shop, nicolae_shop_statue_plus
D:10:     minmay_wavy_crystal, lair_0_dummy, serial_shops, nicolae_shop_stone,
          nicolae_shop_behind_doors
Temple:   oiseaux_autumnal_temple_12
Lair:1:   portal_ice_cave_entry_pillars_02, nicolae_volcano_entry_vermiform,
          uniq_nergalle
IceCv:    ice_cave_small_demon

Action                   |  1- 3 |  4- 6 |  7- 9 | 10-12 || total
-------------------------+-------+-------+-------+-------++-------
Melee: Long sword        |    82 |   200 |   408 |    51 ||   741
       Falchion          |       |       |       |   268 ||   268
  Use: Potion            |     1 |       |     3 |     2 ||     6
       Scroll            |       |     8 |     9 |     4 ||    21
  Eat: Chunk             |       |     7 |    13 |     6 ||    26
       Pizza             |       |       |     1 |       ||     1
